 Dungeon Crawl Stone Soup version 0.24.0-1-gfbc8707 (webtiles) character file.

Game seed: 15189553127221908382, levelgen mode: deterministic

14595 Fang the Fighter (level 12, -7/82 HPs)
             Began as a Gargoyle Berserker on Oct 28, 2019.
             Was a High Priest of Trog.
             Killed from afar by a wretched star (13 damage)
             ... with an orb of energy
             ... on level 2 of the Abyss.
             The game lasted 00:12:25 (10395 turns).

Fang the Fighter (Gargoyle Berserker)              Turns: 10395, Time: 00:12:26

Health: -7/82      AC: 28    Str: 22    XL:     12   Next: 18%
Magic:  10/10      EV:  8    Int:  5    God:    Trog [*****.]
Gold:   624        SH:  0    Dex:  5    Spells: 11/11 levels left

rFire    . . .     SeeInvis .   C - +8 broad axe (freeze)
rCold    . . .     Gourm    .   (no shield)
rNeg     + . .     Faith    .   b - +2 plate armour {rPois}
rPois    ∞         Spirit   .   (no helmet)
rElec    +         Reflect  .   (no cloak)
rCorr    .         Harm     .   (no gloves)
MR       ++...                  q - +2 pair of boots
Stlth    ..........             w - amulet of regeneration
HPRegen  1.63/turn              y - ring of flight
MPRegen  0.12/turn              m - -3 ring of strength (curse)

@: very slightly contaminated, regenerating
A: [clumsy 2], [dopey 2], low mp 1, negative energy resistance 1, [screaming 2],
electricity resistance, unbreathing, petrification resistance, rot immunity, AC
+8
a: Berserk, Trog's Hand, Brothers in Arms, Renounce Religion, Evoke Flight


You were on level 2 of the Abyss.
You worshipped Trog.
Trog was extremely pleased with you.
You were not hungry.

You visited 2 branches of the dungeon, and saw 12 of its levels.
You visited the Abyss 1 time.
You also visited: Sewer and Ossuary.

You collected 624 gold pieces.

Inventory:

Hand Weapons
 C - a +8 broad axe of freezing (weapon)
 I - a +0 war axe
 M - a +2 battleaxe of chopping
 N - a +3 antimagic executioner's axe
Armour
 b - a +2 plate armour of poison resistance (worn)
 q - a +2 pair of boots (worn)
Jewellery
 f - an uncursed ring of protection from cold
 h - a +3 ring of intelligence
 m - a cursed -3 ring of strength (right hand)
 w - an amulet of regeneration (around neck)
 y - a ring of flight (left hand)
 D - an uncursed amulet of rage
 J - an uncursed ring of protection from magic
 O - an uncursed ring of magical power {unknown}
Wands
 a - a wand of disintegration (18)
 r - a wand of iceblast (26)
 B - a wand of flame (47)
 K - a wand of polymorph (9)
Scrolls
 d - 11 scrolls of identify {unknown}
 e - a scroll of fear {unknown}
 i - 9 scrolls of teleportation {unknown}
 j - 7 scrolls of remove curse {unknown}
 l - 2 scrolls of amnesia {unknown}
 n - 2 scrolls of enchant armour {unknown}
 t - 3 scrolls of blinking {unknown}
 u - 2 scrolls of noise {unknown}
 v - a scroll of random uselessness {unknown}
 A - 2 scrolls of enchant weapon {unknown}
 G - 2 scrolls of holy word {unknown}
 P - a scroll of magic mapping {unknown}
Potions
 g - a potion of agility {unknown}
 k - 11 potions of curing {unknown}
 o - 2 potions of flight {unknown}
 p - 4 potions of heal wounds {unknown}
 s - a potion of mutation {unknown}
 x - 2 potions of resistance {unknown}
 z - 2 potions of degeneration {unknown}
 E - a potion of berserk rage {unknown}
 F - a potion of lignification {unknown}
 H - 4 potions of haste {unknown}
 L - a potion of might {unknown}
Comestibles
 c - 19 rations


   Skills:
 * Level 12.4 Fighting
 * Level 10.5 Axes
 + Level 9.2 Armour
 + Level 7.0 Dodging


You had 11 spell levels left.
You didn't know any spells.
Your spell library was empty.

Dungeon Overview and Level Annotations

Branches:
Dungeon (11/15)            Temple (1/1) D:5            Lair (0/6) D:10
    Orc (0/2) D:9           Sewer (visited)         Ossuary (visited)

Altars:
Ashenzari
Cheibriados
Dithmenos
Elyvilon
Fedhas
Gozag
Hepliaklqana
Kikubaaqudgha
Makhleb
Nemelex Xobeh
Okawaru
Qazlal
Ru
Sif Muna
Trog
Uskayaw
Vehumet
Wu Jian
Xom
Yredelemnul
Zin
The Shining One

Shops:
D:11 *}:

Annotations:
D:11 Grum


Innate Abilities, Weirdness & Mutations

You are resistant to torment.
Your stone body is resilient. (AC +8)
You are immune to poison.
You resist negative energy. (rN+)
You are resistant to electric shocks. (rElec)
You can survive without breathing.
You are immune to petrification.
You are immune to rotting.
Your magical capacity is low. (-10% MP)
[You are very clumsy. (Dex -4)]
[You are very dopey. (Int -4)]
[You sometimes yell uncontrollably at your foes.]


Message History

Your troll completely misses the brown very ugly thing.
Your troll barely misses the brown very ugly thing.
Your troll claws the brown very ugly thing!
The thrashing horror tramples you but does no damage. x2
The wretched star pulses with an eldritch light!
You feel stupid. x2
The brown very ugly thing basks in the mutagenic energy from its kin and changes!
You hear a shout!
The thrashing horror tramples you but does no damage.
The thrashing horror tramples you.
* * * LOW HITPOINT WARNING * * *
You stumble backwards!
You eat one of the 20 rations.
That ration really hit the spot!
The thrashing horror roars!
The thrashing horror tramples you.
* * * LOW HITPOINT WARNING * * *
You stumble backwards!
The wretched star glows turbulently.
The orb of energy hits you!
You die...

## . #### # ..# ##.###
#.##.###### . ###
##%...# .#....# ...
#...#..# ##.#.#.# .#..
....#.###.#....#
#.##....#.#...X...#.###
#.....†..uu.....@.....#
.# ...T#u..*......#..#
#.#.#......>......#.#
..#..#...........#..# .
#............###### ...
...###....#..
.......#.##.......
..#.... ........
...#.#. .


You could see 3 very ugly things, a wretched star and a thrashing horror.

Vanquished Creatures
  A tentacled starspawn (Abyss:2)
  2 hydras (D:11)
  Erica (D:8)
  An ugly thing (Abyss:2)
  Maurice (D:8)
  An apocalypse crab (Abyss:2)
  A large abomination (Abyss:2)
  A komodo dragon (D:10)
  A queen bee (D:11)
  17 yaks
  5 insubstantial wisps (Abyss:2)
  Duvessa (D:7)
  3 orc warriors
  An eye of draining (D:9)
  3 ice beasts
  A black bear (D:10)
  2 ogres
  4 phantoms
  A centaur (D:6)
  3 wolves (D:11)
  2 big kobolds
  6 bullfrogs
  A gnoll sergeant (D:5)
  A water moccasin skeleton (D:4)
  18 killer bees
  Dowan (D:7)
  A vampire bat (D:3)
  9 wights
  2 crimson imps
  8 hounds
  2 bullfrog zombies
  4 bullfrog skeletons
  3 jellies
  9 orc priests
  3 centaur skeletons
  8 orc wizards
  8 worker ants
  A big kobold zombie (Ossuary)
  2 hound skeletons
  6 mummies (Ossuary)
  10 gnolls
  13 adders
  11 river rats
  6 shadow imps
  An ooze (D:3)
  2 adder zombies
  An adder skeleton (D:8)
  5 worms
  3 dart slugs
  9 leopard geckos
  54 orcs
  4 bat skeletons (D:3)
  2 bat zombies (D:3)
  8 giant cockroaches
  4 goblins
  6 hobgoblins
  20 jackals
  10 kobolds
  4 quokkas
  2 ball pythons
  8 bats
  7 frilled lizards
  4 hobgoblin zombies (Ossuary)
  A jackal skeleton (D:6)
  26 rats
  5 plants (D:10)
  2 starspawn tentacles (Abyss:2)
374 creatures vanquished.

Vanquished Creatures (collateral kills)
  An ugly thing (Abyss:2)
1 creature vanquished.

Vanquished Creatures (others)
  A hobgoblin (D:3)
  A rat (D:3)
  2 plants (D:10)
4 creatures vanquished.

Grand Total: 379 creatures vanquished

Notes
Turn   | Place    | Note
-------+----------+-------------------------------------------
     0 | D:1      | Fang the Gargoyle Berserker began the quest for the Orb.
     0 | D:1      | Reached XP level 1. HP: 14/14 MP: 1/1
   304 | D:1      | Reached XP level 2. HP: 17/19 MP: 2/2
  1119 | D:2      | Reached XP level 3. HP: 14/24 MP: 3/3
  1121 | D:2      | Reached ** piety under Trog
  1555 | D:2      | Reached XP level 4. HP: 29/29 MP: 4/4
  1884 | D:2      | Reached skill level 4 in Fighting
  2055 | D:2      | Found an ornate altar of the Wu Jian Council.
  2314 | D:3      | Found a snail-covered altar of Cheibriados.
  2316 | D:3      | Found a glowing golden altar of the Shining One.
  2449 | D:3      | Found an ancient bone altar of Kikubaaqudgha.
  2502 | D:3      | Reached XP level 5. HP: 23/33 MP: 5/5
  2621 | D:3      | Found a glowing drain.
  2651 | Sewer    | Entered a sewer
  2661 | Sewer    | Reached *** piety under Trog
  2858 | Sewer    | Noticed a big kobold
  2891 | Sewer    | Killed a big kobold
  2891 | Sewer    | Reached XP level 6. HP: 11/39 MP: 6/6
  2947 | Sewer    | Found a glowing silver altar of Zin.
  3369 | D:3      | Found a radiant altar of Vehumet.
  3717 | D:3      | Found a blossoming altar of Fedhas.
  3949 | D:4      | Reached skill level 5 in Fighting
  3959 | D:4      | Reached XP level 7. HP: 44/44 MP: 7/7
  4025 | D:4      | Found a sacrificial altar of Ru.
  4527 | D:5      | Entered Level 5 of the Dungeon
  4542 | D:5      | Reached **** piety under Trog
  4542 | D:5      | Received a gift from Trog
  4698 | D:5      | Reached skill level 6 in Fighting
  4898 | D:5      | Reached skill level 5 in Axes
  4958 | D:5      | Found a staircase to the Ecumenical Temple.
  4961 | D:5      | Reached XP level 8. HP: 51/51 MP: 8/8
  4966 | Temple   | Entered the Ecumenical Temple
  5092 | D:5      | Reached skill level 5 in Armour
  5683 | D:5      | Reached ***** piety under Trog
  5995 | D:6      | Reached skill level 7 in Fighting
  6196 | D:6      | Found a shimmering blue altar of Sif Muna.
  6296 | D:6      | Found a basalt altar of Yredelemnul.
  6296 | D:6      | Found a basalt altar of Yredelemnul.
  6298 | D:6      | Found a hide-covered altar of Uskayaw.
  6298 | D:6      | Found a shimmering altar of Xom.
  6298 | D:6      | Found a glowing silver altar of Zin.
  6418 | D:7      | Reached XP level 9. HP: 51/57 MP: 9/9
  6536 | D:7      | Reached skill level 8 in Fighting
  6765 | D:7      | Noticed Dowan
  6767 | D:7      | Noticed Duvessa
  6774 | D:7      | Killed Dowan
  6793 | D:7      | Killed Duvessa
  6860 | D:7      | Received a gift from Trog
  7220 | D:8      | Noticed Maurice
  7305 | D:8      | Noticed Erica
  7322 | D:8      | Killed Erica
  7322 | D:8      | Reached skill level 9 in Fighting
  7322 | D:8      | Reached skill level 5 in Dodging
  7322 | D:8      | Reached XP level 10. HP: 48/66 MP: 10/10
  7350 | D:8      | Found a shimmering blue altar of Sif Muna.
  7351 | D:8      | Found a basalt altar of Yredelemnul.
  7353 | D:8      | Found a bloodstained altar of Trog.
  7449 | D:8      | Found a sand-covered staircase.
  7456 | D:8      | You fall into a shaft and drop 1 floor!
  7519 | D:8      | Killed Maurice
  7536 | Ossuary  | Entered an ossuary
  7813 | D:9      | Found a staircase to the Orcish Mines.
  8423 | D:9      | Found a sparkling altar of Nemelex Xobeh.
  8581 | D:9      | Reached skill level 10 in Fighting
  8760 | D:10     | Entered Level 10 of the Dungeon
  8884 | D:10     | Received a gift from Trog
  9012 | D:10     | Found a staircase to the Lair.
  9311 | D:10     | Reached XP level 11. HP: 73/73 MP: 11/11
  9462 | D:10     | Reached skill level 11 in Fighting
  9733 | D:11     | Found Gorilajeoth's Gadget Emporium.
  9961 | D:11     | Found Geave's Book Shop.
 10125 | D:11     | Found Imneugyo's Assorted Antiques.
 10206 | D:11     | Noticed a six-headed hydra
 10208 | D:11     | Noticed a five-headed hydra
 10210 | D:11     | Noticed Grum
 10213 | D:11     | Killed a ten-headed hydra
 10213 | D:11     | Reached ****** piety under Trog
 10214 | D:11     | Noticed a wizard
 10220 | D:11     | Killed a nine-headed hydra
 10221 | D:11     | Noticed a wizard
 10227 | D:11     | Reached skill level 10 in Axes
 10230 | D:11     | Cast into level 2 of the Abyss (a wizard)
 10297 | Abyss:2  | Paralysed by an apocalypse crab for 3 turns
 10307 | Abyss:2  | Noticed a tentacled starspawn
 10316 | Abyss:2  | Killed a tentacled starspawn
 10316 | Abyss:2  | Reached skill level 12 in Fighting
 10316 | Abyss:2  | Reached XP level 12. HP: 55/81 MP: 12/12
 10336 | Abyss:2  | Gained mutation: Your magical capacity is low. (-10% MP)
                  | [mutagenic glow]
 10373 | Abyss:2  | Noticed a thrashing horror
 10376 | Abyss:2  | Noticed a wretched star
 10377 | Abyss:2  | Noticed a green very ugly thing
 10377 | Abyss:2  | Noticed a green very ugly thing
 10377 | Abyss:2  | Noticed a green very ugly thing
 10384 | Abyss:2  | Received a gift from Trog
 10395 | Abyss:2  | Killed from afar by a wretched star

Levels and vault maps discovered:
D:1:      dpeg_arrival_boxes_within_box, layout_basic
D:2:      minmay_spotlight, layout_loops_ring, lemuel_round_altar
D:3:      layout_loops_ring, fiery_altar_vehumet,
          nicolae_overflow_crystal_walls, cheibriados_altar_1,
          lemuel_round_altar, kennysheep_vampire_church, portal_sewer_entry_a,
          item_on_display_a
D:4:      layout_rooms, nicolae_ru_sacrificial_ziggurat, first_ration
D:5:      layout_loops_ring, minmay_temple_entry_proselytizer,
          grunt_decor_arrowhead, minmay_misc_feat_four_crosses,
          dk_rats_in_the_wall
D:6:      layout_basic, doesnt_xom_only_xom
D:7:      layout_gridville, uniq_duvessa
D:8:      layout_basic, minitemple, nicolae_ossuary_entry_monument,
          uniq_maurice, uniq_erica
D:9:      layout_stronghold, overflow_temple_1_default, hiddenorc2_lemuel
D:10:     layout_grid_maze, david_lair_shrubbed
D:11:     minmay_smoke_and_mirrors, layout_stronghold, serial_shops,
          shop_fountains, shop, shop, david_nohive_1, uniq_grum, uniq_erolcha
Temple:   minmay_freezing_vapour_temple
Abyss:2

Skill      XL: |  1  2  3  4  5  6  7  8  9 10 11 12 |
---------------+-------------------------------------+-----
Dodging        | 2 3 4 5 6 7 |  7.0
Axes           | 3 4 5 6 7 8 10 | 10.5
Armour         | 3 4 5 6 7 9 |  9.2
Fighting       | 4 5 6 7 9 10 12 | 12.4

Action                   |  1- 3 |  4- 6 |  7- 9 | 10-12 || total
-------------------------+-------+-------+-------+-------++-------
Melee: Hand axe          |   109 |   107 |       |       ||   216
       War axe           |       |   150 |   422 |       ||   572
       Broad axe         |       |       |    61 |   362 ||   423
       Unarmed           |       |       |     2 |       ||     2
Invok: Berserk           |     2 |     3 |     1 |     1 ||     7
       Trog's Hand       |       |       |       |     1 ||     1
       Brothers in Arms  |       |       |       |     1 ||     1
  Eat: Chunk             |     4 |     8 |    11 |    12 ||    35
       Ration            |       |     1 |       |     1 ||     2
Armor: Animal skin       |    49 |    85 |       |       ||   134
       Plate armour      |       |    85 |   466 |   327 ||   878
Dodge: Dodged            |    80 |   188 |   239 |   163 ||   670
